 Dungeon Crawl Stone Soup version 0.21.1-1-g345015f (webtiles) character file.

1143 inmateoo the Magician (level 8, -6/58 HPs)
             Began as a Gnoll Wizard on Feb 7, 2018.
             Was a Follower of Vehumet.
             Mangled by an ice beast (13 damage)
             ... on level 6 of the Dungeon.
             The game lasted 00:11:20 (5650 turns).

inmateoo the Magician (Gnoll Wizard)                Turns: 5650, Time: 00:11:21

Health: -6/58      AC:  3    Str: 10    XL:     8   Next: 37%
Magic:  18/19      EV: 15    Int: 23    God:    Vehumet [*.....]
Gold:   73         SH:  6    Dex: 13    Spells: 9/22 levels left

rFire    . . .     SeeInvis .   j - +3 spear (freeze)
rCold    . . .     Gourm    .   q - +2 buckler
rNeg     . . .     Faith    .   a - +0 robe
rPois    .         Spirit   .   x - +0 helmet
rElec    .         Reflect  .   (no cloak)
rCorr    .         Harm     .   (no gloves)
MR       .....                  (no boots)
Stlth    +++.......             (no amulet)
HPRegen  0.19/turn              (no ring)
MPRegen  0.16/turn              (no ring)

@: no status effects
A: distributed training, fangs 1, strong nose
a: Renounce Religion


You were on level 6 of the Dungeon.
You worshipped Vehumet.
Vehumet was aware of your devotion.
You were not hungry.

You visited 2 branches of the dungeon, and saw 7 of its levels.

You collected 223 gold pieces.
You spent 150 gold pieces at shops.

Inventory:

Hand Weapons
 j - a +3 spear of freezing (weapon)
 o - a +0 hunting sling
 r - a +2 short sword of venom
Missiles
 h - 91 sling bullets
 w - 3 steel javelins (quivered)
Armour
 a - a +0 robe (worn)
 q - a +2 buckler (worn)
 x - a +0 helmet (worn)
Jewellery
 b - an uncursed ring of protection from cold {unknown}
 v - the ring of the Cricket {Fire rPois}
   (You bought it in a shop on level 4 of the Dungeon)

   [ring of fire]

   It enhances your fire magic.
   It protects you from fire.
   It makes you vulnerable to cold.
   It protects you from poison.
Scrolls
 g - 3 scrolls of teleportation
 k - 3 scrolls of remove curse
 l - 2 scrolls of magic mapping
 u - a scroll of fear
Potions
 e - 2 potions of mutation
 f - 2 potions of curing
 i - a potion of agility {unknown}
 m - a potion of haste
 n - a potion of lignification
 p - a potion of degeneration {unknown}
 s - 3 potions of brilliance
 t - a potion of magic {unknown}
Books
 c - a book of Minor Magic

   Spells                             Type                      Level
   a - Magic Dart                     Conjuration                  1
   b - Blink                          Translocation                2
   c - Call Imp                       Summoning                    2
   d - Slow                           Hexes                        2
   e - Conjure Flame                  Conjuration/Fire             3
   f - Mephitic Cloud                 Conjuration/Poison/Air       3
Comestibles
 d - 6 rations


   Skills:
 + Level 3.1 Fighting
 + Level 3.1 Short Blades
 + Level 3.1 Long Blades
 + Level 3.1 Axes
 + Level 3.1 Maces & Flails
 + Level 3.1 Polearms
 + Level 3.1 Staves
 + Level 3.1 Slings
 + Level 3.1 Bows
 + Level 3.1 Crossbows
 + Level 3.1 Throwing
 + Level 3.1 Armour
 + Level 5.6 Dodging
 + Level 5.3 Stealth
 + Level 3.1 Shields
 + Level 3.1 Unarmed Combat
 + Level 7.9 Spellcasting
 + Level 3.4 Conjurations
 + Level 2.5 Hexes
 + Level 2.5 Charms
 + Level 3.4 Summonings
 + Level 2.5 Necromancy
 + Level 3.4 Translocations
 + Level 2.5 Transmutations
 + Level 2.5 Fire Magic
 + Level 2.5 Ice Magic
 + Level 2.5 Air Magic
 + Level 2.5 Earth Magic
 + Level 2.5 Poison Magic
 + Level 3.5 Invocations
 + Level 3.1 Evocations


You had 9 spell levels left.
You knew the following spells:

 Your Spells              Type           Power        Failure   Level  Hunger
a - Magic Dart            Conj           ###.         1%          1    None
b - Blink                 Tloc           N/A          3%          2    None
c - Call Imp              Summ           ###.....     3%          2    None
d - Slow                  Hex            ###.....     4%          2    None
e - Conjure Flame         Conj/Fire      ###.....     7%          3    None
f - Mephitic Cloud        Conj/Pois/Air  ###.....     7%          3    None


Dungeon Overview and Level Annotations

Branches:
Dungeon (6/15)             Temple (1/1) D:5

Altars:
Cheibriados
Dithmenos
Elyvilon
Fedhas
Gozag
Hepliaklqana
Kikubaaqudgha
Makhleb
Okawaru
Qazlal
Uskayaw
Vehumet
Wu Jian
Xom
Yredelemnul
Zin
The Shining One

Shops:
D:4 *


Innate Abilities, Weirdness & Mutations

Your experience applies equally to all skills.
You have very sharp teeth.
Your uncanny sense of smell can sniff out nearby items.


Message History

Found 15 stones.
You feel better. The ice beast hits you.
* * * LOW HITPOINT WARNING * * *
The ice beast freezes you!
* * * LOW HITPOINT WARNING * * *
Unknown command.
You feel better. The ice beast completely misses you.
Okay, then.
Casting: Call Imp
Confirm with . or Enter, or press ? or * to list all spells.
Aiming: Magic Dart
Press: ? - help, Shift-Dir - straight line, f - ice beast
Aim: an ice beast (almost dead)
The magic dart hits the ice beast.
The ice beast is almost dead.
The worker ant twitches its antennae in your direction.
The ice beast hits you.
* * * LOW HITPOINT WARNING * * *
The ice beast freezes you!
You die...

...... .............
#............
............
###...........
#.............
#.............
#..########.............
#..a...@Yo#.............
.(#######/#........#....
#(#........###.#
#.o........###†.
##(##.#5..).<...
#.......5...###
#####..(..#....##
#.........###[.#
#.............##


You could see an ice beast, a worker ant and an orc.

Vanquished Creatures
  A phantom (D:5)
  An ice beast (D:6)
  A centaur (D:5)
  3 killer bees (D:4)
  A scorpion (D:4)
  A crimson imp (D:5)
  A hound (D:5)
  8 orc wizards
  An iguana (D:2)
  2 worker ants
  2 worker ant zombies
  3 adders
  2 adder skeletons (D:2)
  An adder zombie (D:2)
  2 worms
  3 leopard geckos
  16 orcs
  A ball python (D:3)
  4 bats
  A bat zombie (D:2)
  2 giant cockroaches
  6 goblins
  6 hobgoblins
  3 jackals (D:5)
  6 kobolds
  A quokka (D:6)
  2 frilled lizards (D:4)
  A giant cockroach zombie (D:2)
  3 rats
85 creatures vanquished.

Vanquished Creatures (collateral kills)
  The ghost of shakethe the Insei, an amateur OpTm (D:4)
  An ogre (D:5)
  The ghost of Exporg the Stinger, an amateur FoVM of Nemelex Xobeh (D:3)
  A scorpion (D:5)
  An orc priest (D:5)
  3 orc wizards
  A howler monkey zombie (D:5)
  A worm (D:3)
  4 orcs
  4 jackals
  A kobold (D:3)
  A quokka (D:3)
  A ball python zombie (D:2)
  A jackal skeleton (D:2)
22 creatures vanquished.

Grand Total: 107 creatures vanquished

Notes
Turn   | Place    | Note
-------+----------+-------------------------------------------
     0 | D:1      | inmateoo the Gnoll Wizard began the quest for the Orb.
     0 | D:1      | Reached XP level 1. HP: 13/13 MP: 8/8
   374 | D:1      | Reached XP level 2. HP: 19/19 MP: 10/10
   528 | D:1      | Learned a level 2 spell: Blink
   531 | D:1      | Learned a level 2 spell: Call Imp
   534 | D:1      | Learned a level 2 spell: Slow
   977 | D:2      | Reached XP level 3. HP: 25/25 MP: 11/11
   990 | D:2      | Learned a level 3 spell: Conjure Flame
   994 | D:2      | Learned a level 3 spell: Mephitic Cloud
  1027 | D:2      | Reached skill level 1 in Invocations
  1034 | D:2      | Found a blossoming altar of Fedhas.
  1093 | D:2      | Reached skill level 1 in Fighting
  1093 | D:2      | Reached skill level 1 in Short Blades
  1093 | D:2      | Reached skill level 1 in Long Blades
  1093 | D:2      | Reached skill level 1 in Axes
  1093 | D:2      | Reached skill level 1 in Maces & Flails
  1093 | D:2      | Reached skill level 1 in Polearms
  1093 | D:2      | Reached skill level 1 in Staves
  1093 | D:2      | Reached skill level 1 in Slings
  1093 | D:2      | Reached skill level 1 in Bows
  1093 | D:2      | Reached skill level 1 in Crossbows
  1093 | D:2      | Reached skill level 1 in Throwing
  1093 | D:2      | Reached skill level 1 in Armour
  1093 | D:2      | Reached skill level 1 in Shields
  1093 | D:2      | Reached skill level 1 in Unarmed Combat
  1093 | D:2      | Reached skill level 1 in Evocations
  1243 | D:2      | Reached XP level 4. HP: 32/32 MP: 13/13
  1391 | D:2      | Found a hazy altar of Hepliaklqana.
  2129 | D:3      | Noticed Exporg's ghost (amateur FoVM)
  2471 | D:4      | Reached skill level 1 in Hexes
  2471 | D:4      | Reached skill level 1 in Charms
  2471 | D:4      | Reached skill level 1 in Necromancy
  2471 | D:4      | Reached skill level 1 in Transmutations
  2471 | D:4      | Reached skill level 1 in Fire Magic
  2471 | D:4      | Reached skill level 1 in Ice Magic
  2471 | D:4      | Reached skill level 1 in Air Magic
  2471 | D:4      | Reached skill level 1 in Earth Magic
  2471 | D:4      | Reached skill level 1 in Poison Magic
  2706 | D:4      | Found Gubolist's Assorted Antiques.
  2711 | D:4      | Bought a vibrating granite ring for 150 gold pieces
  2711 | D:4      | Identified the ring of the Cricket {Fire rPois} (You bought it in a shop on level 4 of the Dungeon)
  2831 | D:4      | Reached XP level 5. HP: 37/37 MP: 10/14
  2845 | D:4      | Reached XP level 6. HP: 44/44 MP: 3/16
  3142 | D:4      | Noticed shakethe's ghost (amateur OpTm)
  3157 | D:4      | Killed shakethe's ghost
  3157 | D:4      | Reached skill level 5 in Dodging
  3517 | D:3      | Killed Exporg's ghost
  3621 | D:3      | Reached XP level 7. HP: 40/50 MP: 18/18
  3882 | D:5      | Entered Level 5 of the Dungeon
  4112 | D:5      | Found a staircase to the Ecumenical Temple.
  4147 | Temple   | Entered the Ecumenical Temple
  4210 | Temple   | Became a worshipper of Vehumet
  4323 | D:5      | Reached skill level 5 in Stealth
  4586 | D:5      | Reached XP level 8. HP: 44/57 MP: 15/19
  4968 | D:5      | Reached * piety under Vehumet
  4968 | D:5      | Offered knowledge of Flame Tongue by Vehumet.
  5650 | D:6      | Mangled by an ice beast

Skill      XL: |  1  2  3  4  5  6  7  8 |
---------------+-------------------------+-----
Conjurations   | 2 3 |  3.4
Summonings     | 2 3 |  3.4
Translocations | 2 3 |  3.4
Invocations    | 1 2 3 |  3.5
Fighting       | 1 2 3 |  3.1
Short Blades   | 1 2 3 |  3.1
Long Blades    | 1 2 3 |  3.1
Axes           | 1 2 3 |  3.1
Maces & Flails | 1 2 3 |  3.1
Polearms       | 1 2 3 |  3.1
Staves         | 1 2 3 |  3.1
Slings         | 1 2 3 |  3.1
Bows           | 1 2 3 |  3.1
Crossbows      | 1 2 3 |  3.1
Throwing       | 1 2 3 |  3.1
Armour         | 1 2 3 |  3.1
Shields        | 1 2 3 |  3.1
Unarmed Combat | 1 2 3 |  3.1
Evocations     | 1 2 3 |  3.1
Hexes          | 1 2 |  2.5
Charms         | 1 2 |  2.5
Necromancy     | 1 2 |  2.5
Transmutations | 1 2 |  2.5
Fire Magic     | 1 2 |  2.5
Ice Magic      | 1 2 |  2.5
Air Magic      | 1 2 |  2.5
Earth Magic    | 1 2 |  2.5
Poison Magic   | 1 2 |  2.5
Dodging        | 5 |  5.6
Stealth        | 5 |  5.3
Spellcasting   | |  7.9

Action                   |  1- 3 |  4- 6 |  7- 9 || total
-------------------------+-------+-------+-------++-------
Melee: Spear             |    56 |   105 |   161 ||   322
       Unarmed           |     2 |       |       ||     2
       Bite              |     1 |     4 |    10 ||    15
       Short sword       |       |     1 |       ||     1
Throw: Javelin           |       |     4 |     4 ||     8
 Cast: Magic Dart        |    15 |     6 |     1 ||    22
       Call Imp          |     1 |    17 |    28 ||    46
       Conjure Flame     |     1 |     2 |       ||     3
       Mephitic Cloud    |       |     3 |       ||     3
  Use: Scroll            |     8 |     3 |     2 ||    13
       Potion            |       |       |     2 ||     2
 Stab: Sleeping          |     5 |     4 |     5 ||    14
       Distracted        |       |     1 |     1 ||     2
       Confused          |       |     2 |       ||     2
  Eat: Chunk             |     1 |     4 |     7 ||    12
       Ration            |       |     1 |       ||     1
Armor: Robe              |     4 |     6 |     9 ||    19
Dodge: Dodged            |    22 |    33 |    58 ||   113
Block: Buckler           |    12 |    16 |    32 ||    60
